NYP
VANCOUVER CANADIANS @ STATE COLLEGE SPIKES
11/05/2048
 
TOP OF THE 1ST
Charlotte Knights batting - Pitching for Scranton WB RailRiders : LHP Vince Zujovic
Pitching: LHP Vince Zujovic
Batting: SHB Dan Lash 0-0: Called Strike
0-1: Ball
1-1: Ball
2-1: Ground out 6-3 (Groundball, 6M, EV 90.6 MPH)
Batting: LHB Mike Kara 0-0: Called Strike
0-1: Ball
1-1: SOLO HOME RUN (Flyball, 89XD, EV 98.8 MPH), Distance : 399 ft
Batting: RHB Jason Moss 0-0: Called Strike
0-1: Swinging Strike
0-2: Ball
1-2: Ground out 4-3 (Groundball, 4, EV 88.1 MPH)
Batting: SHB Jesus Ayala 0-0: Called Strike
0-1: Fly out, F8 (Flyball, 8RXD, EV 94.4 MPH)
Top of the 1st over - 1 run, 1 hit, 0 errors, 0 left on base; Charlotte 1 - Scranton WB 0
BOTTOM OF THE 1ST
Scranton WB RailRiders batting - Pitching for Charlotte Knights : RHP Ben Sedlacek
Pitching: RHP Ben Sedlacek
Batting: RHB Xavier Castellanos 0-0: Swinging Strike
0-1: Called Strike
0-2: Ball
1-2: Ground out 4-3 (Groundball, 4M, EV 104.4 MPH)
Batting: LHB Alejandro Soriano 0-0: Called Strike
0-1: Ball
1-1: Ball
2-1: SOLO HOME RUN (Flyball, 7LD, EV 96.2 MPH), Distance : 352 ft
Batting: RHB Jason Savage 0-0: Called Strike
0-1: Ball
1-1: Ground out 4-3 (Groundball, 4MS, EV 68.8 MPH)
Batting: LHB Vinny Pena 0-0: Called Strike
0-1: Ball
1-1: SOLO HOME RUN (Flyball, 89XD, EV 101.2 MPH), Distance : 398 ft
Batting: RHB George King 0-0: Ball
1-0: Ball
2-0: Foul Ball, location: 2F
2-1: Called Strike
2-2: Strikes out swinging
Bottom of the 1st over - 2 runs, 2 hits, 0 errors, 0 left on base; Charlotte 1 - Scranton WB 2
TOP OF THE 2ND
Charlotte Knights batting - Pitching for Scranton WB RailRiders : LHP Vince Zujovic
Batting: RHB Ivan Ramirez 0-0: Called Strike
0-1: Foul Ball, location: 2F
0-2: Strikes out swinging
Batting: LHB Brian Feher 0-0: Ball
1-0: Fly out, F7 (Flyball, 7S, EV 79.4 MPH)
Batting: RHB Jeff Cox 0-0: Reached on error, E3 (Groundball, 3S, EV 72.5 MPH)
Batting: LHB Manny Estrada 0-0: Ball
1-0: Ball
2-0: Called Strike
2-1: Called Strike
2-2: Ball
3-2: Strikes out swinging
Top of the 2nd over - 0 runs, 0 hits, 1 error, 1 left on base; Charlotte 1 - Scranton WB 2
BOTTOM OF THE 2ND
Scranton WB RailRiders batting - Pitching for Charlotte Knights : RHP Ben Sedlacek
Batting: LHB Franklin Quezada 0-0: Swinging Strike
0-1: Swinging Strike
0-2: Foul Ball, location: 2F
0-2: Ball
1-2: Ground out U3 (Groundball, 3, EV 105.0 MPH)
Batting: RHB Willie Childs 0-0: Called Strike
0-1: Called Strike
0-2: Ball
1-2: Ball
2-2: SOLO HOME RUN (Flyball, 7D, EV 100.6 MPH), Distance : 379 ft
Batting: LHB Brad Ritter 0-0: Ball
1-0: Ball
2-0: Ball
3-0: Called Strike
3-1: Ground out 5-3 (Groundball, 5, EV 78.1 MPH)
Batting: SHB Zachary Worthington 0-0: Called Strike
0-1: Ball
1-1: Fly out, F8 (Flyball, 89D, EV 101.2 MPH)
Bottom of the 2nd over - 1 run, 1 hit, 0 errors, 0 left on base; Charlotte 1 - Scranton WB 3
TOP OF THE 3RD
Charlotte Knights batting - Pitching for Scranton WB RailRiders : LHP Vince Zujovic
Batting: LHB Akira Yamano 0-0: Foul Ball, location: 2F
0-1: Foul Ball, location: 2F
0-2: Strikes out swinging
Batting: SHB Dan Lash 0-0: Called Strike
0-1: Ball
1-1: Swinging Strike
1-2: Ball
2-2: Ground out 5-3 (Groundball, 5D, EV 105.0 MPH)
Batting: LHB Mike Kara 0-0: Ball
1-0: Ball
2-0: Ball
3-0: Base on Balls
Batting: RHB Jason Moss 0-0: Called Strike
0-1: Ball
1-1: Foul Ball, location: 2F
1-2: SINGLE (Groundball, 34D, EV 108.1 MPH)
Mike Kara to second
Throwing error, E9
Mike Kara scores
Jason Moss to second
Batting: SHB Jesus Ayala 0-0: Ball
1-0: DOUBLE (Groundball, 5L, EV 96.9 MPH)
Jason Moss scores
Batting: RHB Ivan Ramirez 0-0: Ball
1-0: Called Strike
1-1: Foul Ball, location: 2F
1-2: Ground out 5-3 (Groundball, 56S, EV 72.5 MPH)
Top of the 3rd over - 2 runs, 2 hits, 1 error, 1 left on base; Charlotte 3 - Scranton WB 3
BOTTOM OF THE 3RD
Scranton WB RailRiders batting - Pitching for Charlotte Knights : RHP Ben Sedlacek
Batting: RHB Xavier Castellanos 0-0: Called Strike
0-1: Foul Ball, location: 2F
0-2: Foul Ball, location: 2F
0-2: Fly out, F7 (Flyball, 78S, EV 75.6 MPH)
Batting: LHB Alejandro Soriano 0-0: Called Strike
0-1: Ball
1-1: Swinging Strike
1-2: Ball
2-2: Foul Ball, location: 2F
2-2: Foul Ball, location: 2F
2-2: DOUBLE (Flyball, 8LXD, EV 111.2 MPH)
Batting: RHB Jason Savage 0-0: Swinging Strike
0-1: Foul Ball, location: 2F
0-2: SINGLE (Groundball, 56D, EV 106.2 MPH)
Alejandro Soriano to third
Throwing error, E7
Alejandro Soriano scores
Jason Savage to second
Batting: LHB Vinny Pena 0-0: Swinging Strike
0-1: Swinging Strike
0-2: Ball
1-2: Strikes out looking
Batting: RHB George King 0-0: SINGLE (Popup, 4MD, EV 48.8 MPH)
Jason Savage to third
Runner from 3rd tries for Home, SAFE, throw by 2B to home
Pitching: RHP D.J. Wallace
Batting: LHB Franklin Quezada 0-0: Called Strike
0-1: Ball
1-1: Called Strike
1-2: Ground out 4-3 (Groundball, 4, EV 84.4 MPH)
Bottom of the 3rd over - 2 runs, 3 hits, 1 error, 1 left on base; Charlotte 3 - Scranton WB 5
TOP OF THE 4TH
Charlotte Knights batting - Pitching for Scranton WB RailRiders : LHP Vince Zujovic
Batting: LHB Brian Feher 0-0: Ball
1-0: Called Strike
1-1: Ball
2-1: Swinging Strike
2-2: Ball
3-2: Foul Ball, location: 2F
3-2: Ground out 4-3 (Groundball, 4, EV 92.5 MPH)
Batting: RHB Jeff Cox 0-0: Ball
1-0: Ground out 4-3 (Groundball, 4, EV 82.5 MPH)
Batting: LHB Manny Estrada 0-0: Foul Ball, location: 2F
0-1: Swinging Strike
0-2: Foul Ball, location: 2F
0-2: Ball
1-2: Strikes out swinging
Top of the 4th over - 0 runs, 0 hits, 0 errors, 0 left on base; Charlotte 3 - Scranton WB 5
BOTTOM OF THE 4TH
Scranton WB RailRiders batting - Pitching for Charlotte Knights : RHP D.J. Wallace
Batting: RHB Willie Childs 0-0: Called Strike
0-1: Swinging Strike
0-2: Strikes out swinging, 2-3 out at first.
Batting: LHB Brad Ritter 0-0: Called Strike
0-1: Ball
1-1: Called Strike
1-2: Foul Ball, location: 2F
1-2: Ground out 5-3 (Groundball, 5, EV 87.5 MPH)
Batting: SHB Zachary Worthington 0-0: Fly out, F7 (Flyball, 7, EV 76.2 MPH)
Bottom of the 4th over - 0 runs, 0 hits, 0 errors, 0 left on base; Charlotte 3 - Scranton WB 5
TOP OF THE 5TH
Charlotte Knights batting - Pitching for Scranton WB RailRiders : LHP Vince Zujovic
Batting: LHB Akira Yamano 0-0: Ball
1-0: Ground out 4-3 (Groundball, 34, EV 80.6 MPH)
Batting: SHB Dan Lash 0-0: SINGLE (Groundball, 3D, EV 110.6 MPH)
Batting: LHB Mike Kara 0-0: Ball
1-0: Foul Ball, location: 2F
1-1: Ball
2-1: SINGLE (Flyball, 8LS, EV 98.1 MPH)
Dan Lash to second
Batting: RHB Jason Moss 0-0: Ball
1-0: Swinging Strike
1-1: Ball
2-1: Swinging Strike
2-2: Strikes out looking
Batting: SHB Jesus Ayala 0-0: Called Strike
0-1: Called Strike
0-2: Foul Ball, location: 2F
0-2: Strikes out looking
Top of the 5th over - 0 runs, 2 hits, 0 errors, 2 left on base; Charlotte 3 - Scranton WB 5
BOTTOM OF THE 5TH
Scranton WB RailRiders batting - Pitching for Charlotte Knights : RHP D.J. Wallace
Batting: RHB Xavier Castellanos 0-0: Ball
1-0: Called Strike
1-1: Ball
2-1: Called Strike
2-2: Strikes out swinging
Batting: LHB Alejandro Soriano 0-0: Ball
1-0: Foul Ball, location: 2F
1-1: Called Strike
1-2: Ball
2-2: Ball
3-2: SINGLE (Groundball, 6MD, EV 97.5 MPH)
Batting: RHB Jason Savage 0-0: Called Strike
Alejandro Soriano steals 2nd base (no throw)
0-1: Swinging Strike
0-2: Fly out, F9 (Line Drive, 9, EV 105.6 MPH)
Pitching: RHP Eddie Mosley
Batting: LHB Vinny Pena 0-0: Ball
1-0: Foul Ball, location: 2F
1-1: Ball
2-1: Called Strike
2-2: Strikes out swinging
Bottom of the 5th over - 0 runs, 1 hit, 0 errors, 1 left on base; Charlotte 3 - Scranton WB 5
TOP OF THE 6TH
Charlotte Knights batting - Pitching for Scranton WB RailRiders : LHP Vince Zujovic
Pitching: RHP Martin Goyer
Batting: RHB Ivan Ramirez 0-0: Ball
1-0: Foul Ball, location: 2F
1-1: Ball
2-1: Foul Ball, location: 2F
2-2: Fly out, F7 (Flyball, 7, EV 89.4 MPH)
Batting: LHB Brian Feher 0-0: Ball
1-0: Called Strike
1-1: Foul Ball, location: 2F
1-2: Ball
2-2: Strikes out swinging
Batting: RHB Jeff Cox 0-0: Ball
1-0: Called Strike
1-1: Ball
2-1: Foul Ball, location: 2F
2-2: DOUBLE (Line Drive, 89D, EV 99.4 MPH)
Batting: LHB Manny Estrada 0-0: Ball
1-0: Ball
2-0: Ball
3-0: Called Strike
3-1: Foul Ball, location: 2F
3-2: Foul Ball, location: 2F
3-2: Strikes out looking
Top of the 6th over - 0 runs, 1 hit, 0 errors, 1 left on base; Charlotte 3 - Scranton WB 5
BOTTOM OF THE 6TH
Scranton WB RailRiders batting - Pitching for Charlotte Knights : RHP Eddie Mosley
Batting: RHB George King 0-0: Foul Ball, location: 2F
0-1: Swinging Strike
0-2: Fly out, F1 (Line Drive, P, EV 63.8 MPH)
Batting: LHB Franklin Quezada 0-0: Ball
1-0: Swinging Strike
1-1: Ground out 4-3 (Groundball, 34, EV 101.9 MPH)
Batting: RHB Willie Childs 0-0: Called Strike
0-1: Foul Ball, location: 2F
0-2: Ball
1-2: Ball
2-2: Foul Ball, location: 2F
2-2: Strikes out looking
Bottom of the 6th over - 0 runs, 0 hits, 0 errors, 0 left on base; Charlotte 3 - Scranton WB 5
TOP OF THE 7TH
Charlotte Knights batting - Pitching for Scranton WB RailRiders : RHP Martin Goyer
Batting: LHB Akira Yamano 0-0: Foul Ball, location: 2F
0-1: Ball
1-1: Swinging Strike
1-2: Ball
2-2: Strikes out swinging
Batting: SHB Dan Lash 0-0: Called Strike
0-1: Ball
1-1: SINGLE (Line Drive, 4MD, EV 95.0 MPH)
Batting: LHB Mike Kara 0-0: Ball
1-0: Grounds into double play, 4-6-3 (Groundball, 34, EV 89.4 MPH)
Top of the 7th over - 0 runs, 1 hit, 0 errors, 0 left on base; Charlotte 3 - Scranton WB 5
BOTTOM OF THE 7TH
Scranton WB RailRiders batting - Pitching for Charlotte Knights : RHP Eddie Mosley
Pitching: LHP Jose Carmona
Batting: LHB Brad Ritter 0-0: Called Strike
0-1: Ball
1-1: Ball
2-1: Ball
3-1: Ground out 5-3 (Groundball, 56S, EV 82.5 MPH)
Pitching: RHP Jorge Mora
Batting: SHB Zachary Worthington 0-0: Ball
1-0: Fly out, F7 (Flyball, 7D, EV 110.6 MPH)
Batting: RHB Xavier Castellanos 0-0: Called Strike
0-1: Foul Ball, location: 2F
0-2: Ball
1-2: Foul Ball, location: 2F
1-2: Fly out, F7 (Flyball, 7S, EV 85.0 MPH)
Bottom of the 7th over - 0 runs, 0 hits, 0 errors, 0 left on base; Charlotte 3 - Scranton WB 5
TOP OF THE 8TH
Charlotte Knights batting - Pitching for Scranton WB RailRiders : RHP Martin Goyer
Batting: RHB Jason Moss 0-0: Foul Ball, location: 2F
0-1: Fly out, F3 (Popup, 23F, EV 90.0 MPH)
Batting: SHB Jesus Ayala 0-0: Called Strike
0-1: Swinging Strike
0-2: Ball
1-2: Ball
2-2: Strikes out swinging
Pinch Hitting: SHB Johnny Diaz 0-0: Swinging Strike
0-1: Ball
1-1: Swinging Strike
1-2: Strikes out swinging
Top of the 8th over - 0 runs, 0 hits, 0 errors, 0 left on base; Charlotte 3 - Scranton WB 5
BOTTOM OF THE 8TH
Scranton WB RailRiders batting - Pitching for Charlotte Knights : RHP Jorge Mora
Pitching: LHP Wen-hua Kong
Now at 3B: Brady Barbera
Batting: LHB Alejandro Soriano 0-0: Ground out 4-3 (Groundball, 34D, EV 106.2 MPH)
Pitching: RHP Jon Huizenga
Batting: RHB Jason Savage 0-0: Called Strike
0-1: Ground out 6-3 (Groundball, 6D, EV 85.0 MPH)
Pitching: RHP David Torres
Batting: LHB Vinny Pena 0-0: Foul Ball, location: 2F
0-1: Ground out 3-1 (Groundball, 34, EV 84.4 MPH)
Bottom of the 8th over - 0 runs, 0 hits, 0 errors, 0 left on base; Charlotte 3 - Scranton WB 5
TOP OF THE 9TH
Charlotte Knights batting - Pitching for Scranton WB RailRiders : RHP Martin Goyer
Pitching: RHP Jose Tavira
Now at 1B: Dan Tew
Batting: LHB Brian Feher 0-0: Ball
1-0: Ball
2-0: Ball
3-0: Called Strike
3-1: Base on Balls
Pinch Hitting: LHB Troy Rose 0-0: Swinging Strike
0-1: Swinging Strike
0-2: Ball
1-2: Ball
2-2: Strikes out swinging
Batting: LHB Manny Estrada 0-0: Called Strike
0-1: Ball
1-1: Ball
2-1: Ball
3-1: Base on Balls
Brian Feher to second
Batting: LHB Akira Yamano 0-0: Foul Ball, location: 2F
0-1: Ball
1-1: Ball
2-1: Swinging Strike
2-2: Strikes out swinging
Batting: SHB Dan Lash 0-0: Called Strike
0-1: Ball
1-1: Called Strike
1-2: Ground out 4-3 (Groundball, 4, EV 83.1 MPH)
Top of the 9th over - 0 runs, 0 hits, 0 errors, 2 left on base; Charlotte 3 - Scranton WB 5
Tuesday, March 28th , 2023 - OOTP Baseball 23.10 Build 110